 Dungeon Crawl Stone Soup version 0.13.1-22-g086cdba (webtiles) character file.

1873 Kae the Martial Artist (level 8, -2/60 HPs)
             Began as a Black Draconian Transmuter on Jan 2, 2014.
             Was a Follower of Sif Muna.
             Slain by Bikaver's ghost (12 damage)
             ... on Level 6 of the Dungeon.
             The game lasted 00:13:31 (6592 turns).

Kae the Martial Artist (Black Draconian Transmuter) Turns: 6592, Time: 00:13:32

HP  -2/60        AC  9     Str 12      XL: 8   Next: 66%
MP  12/12        EV 12     Int 13      God: Sif Muna [*.....]
Gold 238         SH  0     Dex 17 (18) Spells:  3 memorised,  5 levels left

Res.Fire  : . . .   See Invis. : .     - Unarmed
Res.Cold  : . . .   Warding    : .   (armour unavailable)
Life Prot.: . . .   Conserve   : .   (no shield)
Res.Poison: .       Res.Corr.  : .   (helmet restricted)
Res.Elec. : +       Clarity    : .   (no cloak)
Sust.Abil.: . .     Spirit.Shd : .   p - +2 pair of elf gauntlets {Dex+3}
Res.Mut.  : .       Stasis     : .   (boots unavailable)
Res.Rott. : .       Flight     : .   (no amulet)
Saprovore : . . .                    (no ring)
                                     (no ring)

@: appendage (expiring), short of breath, slightly resistant to hostile
enchantments, unstealthy
A: breathe lightning, unfitting armour, talons 3, electricity resistance, AC +6
a: Breathe Lightning, End Transformation, Channel Energy, Renounce Religion


You were on level 6 of the Dungeon.
You worshipped Sif Muna.
Sif Muna was aware of your devotion.
You were hungry.
You had grown temporary talons.
You visited 1 branch of the dungeon, and saw 6 of its levels.

You collected 218 gold pieces.

Inventory:

Missiles
 b - 99 arrows
 z - 18 arrows of frost
Armour
 p - a +2 pair of elven gauntlets of dexterity (worn)
Magical devices
 v - a wand of slowing (6)
Comestibles
 a - 5 bread rations
 o - 17 grapes
 w - an apple
 x - a meat ration
 B - a choko
Scrolls
 c - 12 scrolls of identify {unknown}
 e - 2 scrolls of enchant weapon II {unknown}
 g - 2 scrolls of enchant armour {unknown}
 h - 4 scrolls of teleportation {unknown}
 i - 2 scrolls of curse weapon {unknown}
 j - 2 scrolls of remove curse {unknown}
 l - 3 scrolls of enchant weapon I {unknown}
 m - 3 scrolls of fear {unknown}
 q - a scroll of noise {unknown}
 s - a scroll of curse armour {unknown}
 A - a scroll of enchant weapon III {unknown}
Jewellery
 n - an uncursed amulet of resist corrosion {unknown}
 y - an uncursed ring of magical power {unknown}
Potions
 f - a potion of heal wounds
 k - 3 potions of brilliance {unknown}
 r - a potion of poison {unknown}
 t - a potion of speed {unknown}
 u - a potion of restore abilities {unknown}
 C - a potion of confusion {unknown}
Books
 d - a book of Changes

   Spells                             Type                      Level
   *Beastly Appendage                 Transmutation                1
   *Sticks to Snakes                  Transmutation                2
   *Spider Form                       Transmutation/Poison         3
   Ice Form                           Ice/Transmutation            4
   Blade Hands                        Transmutation                5


   Skills:
 - Level 1.1 Fighting
 - Level 1.7 Dodging
 * Level 9.5 Unarmed Combat
 - Level 2.0 Spellcasting
 + Level 6.6 Transmutations


You had 5 spell levels left.
You knew the following spells:

 Your Spells              Type           Power        Failure   Level  Hunger
a - Beastly Appendage     Trmt           ###...       1%          1    ##.....
b - Sticks to Snakes      Trmt           ###.......   2%          2    ###....
c - Spider Form           Trmt/Pois      #.........   21%         3    ####...


Dungeon Overview and Level Annotations

Branches:
Dungeon (6/27)
 Temple: D:4-7          Orc: D:6-11

Altars:
Elyvilon
Fedhas
Nemelex Xobeh
Okawaru
Sif Muna
Trog
Yredelemnul
the Shining One

Annotations:
D:2 Crazy Yiuf
D:6 Bikaver's ghost, experienced DDFi


Innate Abilities, Weirdness & Mutations

You can breathe wild blasts of lightning.*
Your glossy black scales are hard (AC +6).*
Your body does not fit into most forms of armour.
Your cold-blooded metabolism reacts poorly to cold.
You are resistant to electric shocks.*
You have claws for feet.*


Message History

You tail-slap Bikaver's ghost, but do no damage.
Bikaver's ghost is severely damaged.
You punch Bikaver's ghost!
You claw Bikaver's ghost, but do no damage.
Bikaver's ghost is severely damaged.
Bikaver's ghost hits you!
* * * LOW HITPOINT WARNING * * *
You hit Bikaver's ghost.
Your tail-slap misses Bikaver's ghost.
Bikaver's ghost is almost destroyed.
Bikaver's ghost hits you.
* * * LOW HITPOINT WARNING * * *
You completely miss Bikaver's ghost.
Bikaver's ghost is almost destroyed.
Bikaver's ghost hits you!
* * * LOW HITPOINT WARNING * * *
You hit Bikaver's ghost but do no damage.
You claw Bikaver's ghost, but do no damage.
Bikaver's ghost is almost destroyed.
Bikaver's ghost hits you!
You die...

#.###...######.....#
#.#+####..................#
#.............######......#
#..................#......#
#..............###.#......#
#............).#..........#
#..............#.#.#).....#
#.........p....#.#.#......#
#.........@....#.#.#......#
#..............#...#......#
#..............#####...#..#
#.........................#
#.............#####.......#
#.............# #.......#
#######.###################.##..#
...p...>........................#
........######################.##


You could see Bikaver's ghost.

Vanquished Creatures
  2 phantoms
  A sky beast (D:6)
  An ogre (D:6)
  A water moccasin (D:5)
  Blork the orc (D:4)
  A giant frog (D:3)
  2 eyes of draining (D:5)
  2 vampire bats (D:4)
  A centaur zombie (D:5)
  A crimson imp (D:4)
  A quasit (D:5)
  2 hounds (D:5)
  An orc priest (D:6)
  A water moccasin skeleton (D:6)
  5 orc wizards
  An iguana (D:4)
  A scorpion (D:4)
  7 worker ants
  Ijyb (D:2)
  A worker ant zombie (D:6)
  3 adders
  A gnoll (D:5)
  A giant mite (D:2)
  5 worms
  3 giant eyeballs
  A giant gecko (D:2)
  2 oozes (D:1)
  20 orcs
  17 bats
  5 giant cockroaches
  18 goblins
  12 hobgoblins
  11 jackals
  5 giant newts
  A gnoll skeleton (D:4)
  2 hobgoblin skeletons
  A hobgoblin zombie (D:5)
  14 kobolds
  8 rats
  A rat skeleton (D:5)
  3 ballistomycetes (D:6)
168 creatures vanquished.

Vanquished Creatures (others)
  An orc wizard (D:6)
  An orc (D:6)
  A giant spore (D:6)
3 creatures vanquished.

Grand Total: 171 creatures vanquished

Notes
Turn   | Place    | Note
--------------------------------------------------------------
     0 | D:1      | Kae, the Draconian Transmuter, began the quest for the Orb.
     0 | D:1      | Reached XP level 1. HP: 16/16 MP: 1/1
   150 | D:1      | Reached XP level 2. HP: 18/23 MP: 0/3
   588 | D:1      | Reached XP level 3. HP: 23/28 MP: 4/4
   919 | D:2      | Reached skill level 4 in Unarmed Combat
   951 | D:2      | Found a blossoming altar of Fedhas.
  1343 | D:2      | Noticed Ijyb
  1354 | D:2      | Killed Ijyb
  1354 | D:2      | Reached XP level 4. HP: 27/35 MP: 4/6
  1460 | D:2      | Learned a level 2 spell: Sticks to Snakes
  1464 | D:2      | Learned a level 3 spell: Spider Form
  1523 | D:2      | Noticed Crazy Yiuf
  2140 | D:3      | Noticed a giant frog
  2157 | D:3      | Killed a giant frog
  2157 | D:3      | Reached skill level 5 in Unarmed Combat
  2157 | D:3      | Reached XP level 5. HP: 19/40 MP: 7/7
  2746 | D:3      | Found a blossoming altar of Fedhas.
  2747 | D:3      | Found a basalt altar of Yredelemnul.
  2751 | D:3      | Found a deep blue altar of Sif Muna.
  2864 | D:3      | Became a worshipper of Sif Muna the Loreminder
  3180 | D:4      | Found an iron altar of Okawaru.
  3180 | D:4      | Found a sparkling altar of Nemelex Xobeh.
  3180 | D:4      | Found a glowing golden altar of the Shining One.
  3378 | D:4      | Reached XP level 6. HP: 27/47 MP: 7/9
  3516 | D:4      | Paralysed by a giant eyeball for 2 turns
  3522 | D:4      | Found a white marble altar of Elyvilon.
  3638 | D:4      | Reached skill level 6 in Unarmed Combat
  3853 | D:4      | Noticed a phantom
  3876 | D:4      | Killed a phantom
  4282 | D:4      | Noticed Blork the orc
  4299 | D:4      | Killed Blork the orc
  4299 | D:4      | Your scales start taking on a glossy black colour.
  4299 | D:4      | Gained mutation: You are resistant to electric shocks. [draconian maturity]
  4299 | D:4      | Reached XP level 7. HP: 24/52 MP: 4/10
  4651 | D:4      | Reached skill level 7 in Unarmed Combat
  4655 | D:4      | Reached skill level 5 in Transmutations
  4945 | D:5      | Entered Level 5 of the Dungeon
  5280 | D:5      | Found a bloodstained altar of Trog.
  5366 | D:5      | Reached skill level 8 in Unarmed Combat
  5451 | D:5      | Reached XP level 8. HP: 53/60 MP: 12/12
  5830 | D:5      | Acquired Sif Muna's first power
  6097 | D:6      | Paralysed by a giant eyeball for 2 turns
  6101 | D:6      | Reached skill level 9 in Unarmed Combat
  6418 | D:6      | Noticed Bikaver's ghost (experienced DDFi)
  6592 | D:6      | Slain by Bikaver's ghost

Action                   |  1- 3 |  4- 6 |  7- 9 || total
-------------------------+-------+-------+-------++-------
Melee: Unarmed           |   161 |   223 |   287 ||   671
 Cast: Beastly Appendage |     8 |    22 |    26 ||    56
       Spider Form       |       |     1 |     1 ||     2
 Abil: Breathe Lightning |       |       |     5 ||     5
  Use: Potion            |       |     1 |     3 ||     4
 Stab: Sleeping          |     2 |       |     3 ||     5
